 Dungeon Crawl Stone Soup version 0.28.0-1-gb440e238dd (webtiles) character file.

Game seed: 8960831941117647026

100 Ablot the Grasshopper (level 4, 0/38 HPs)
             Began as a Gnoll Warper on Feb 24, 2022.
             Was an Initiate of Okawaru.
             Slain by an orc (7 damage)
             ... on level 4 of the Dungeon.
             The game lasted 00:03:08 (3223 turns).

Ablot the Grasshopper (Gnoll Warper)                Turns: 3223, Time: 00:03:08

Health: 0/38       AC:  4    Str: 12    XL:     4   Next: 73%
Magic:  11/11      EV: 13    Int: 12    God:    Okawaru [......]
Gold:   181        SH:  0    Dex: 12    Spells: 13/13 levels left

rFire   . . .      SeeInvis .   a - +0 spear
rCold   . . .      Faith    .   (no shield)
rNeg    . . .      Spirit   .   b - +0 leather armour
rPois   .          Reflect  .   (no helmet)
rElec   .          Harm     .   l - +0 cloak
rCorr   .          Rampage  .   (no gloves)
Will    .....                   (no boots)
Stlth   +.........              (no amulet)
HPRegen 0.12/turn               (no ring)
MPRegen 0.12/turn               (no ring)

@: no status effects
A: fangs 1, strong nose, distributed training
a: Renounce Religion


You were on level 4 of the Dungeon.
You worshipped Okawaru.
Okawaru was noncommittal.
You visited 2 branches of the dungeon, and saw 5 of its levels.

You collected 181 gold pieces.

Inventory:

Hand Weapons
 a - a +0 spear (weapon)
Missiles
 d - 5 boomerangs of dispersal (quivered)
 e - 95 stones
 g - 10 bolts
Armour
 b - a +0 leather armour (worn)
 l - a +0 cloak (worn)
Scrolls
 c - 2 scrolls of blinking
 h - a scroll of noise {unknown}
 j - a scroll of enchant weapon {unknown}
 k - 5 scrolls of identify {unknown}
 m - 2 scrolls of amnesia {unknown}
 n - 2 scrolls of teleportation {unknown}
 o - a scroll of fog {unknown}
Potions
 f - 2 potions of curing {unknown}
 i - a potion of heal wounds {unknown}
 p - a potion of might {unknown}


   Skills:
 + Level 4.7 Fighting
 + Level 1.2 Short Blades
 + Level 1.2 Long Blades
 + Level 1.2 Axes
 + Level 1.2 Maces & Flails
 + Level 4.7 Polearms
 + Level 1.2 Staves
 + Level 1.2 Slings
 + Level 1.2 Bows
 + Level 1.2 Crossbows
 + Level 2.8 Throwing
 + Level 2.8 Armour
 + Level 4.7 Dodging
 + Level 1.2 Stealth
 + Level 1.2 Shields
 + Level 1.2 Unarmed Combat
 + Level 5.1 Spellcasting
 + Level 1.0 Conjurations
 + Level 1.0 Hexes
 + Level 1.0 Summonings
 + Level 1.0 Necromancy
 + Level 5.5 Translocations
 + Level 1.0 Transmutations
 + Level 1.0 Fire Magic
 + Level 1.0 Ice Magic
 + Level 1.0 Air Magic
 + Level 1.0 Earth Magic
 + Level 1.0 Poison Magic
 + Level 1.3 Invocations
 + Level 1.2 Evocations


You had 13 spell levels left.
You didn't know any spells.
Your spell library contained the following spells:

 Spells                   Type           Power      Damage    Failure   Level
 Blink                    Tloc           32%        N/A       4%          2
 Gell's Gravitas          Tloc           16%        N/A       8%          3
 Lesser Beckoning         Tloc           16%        N/A       8%          3
 Teleport Other           Tloc           16%        N/A       8%          3
 Sting                    Tmut/Pois      20%        1d4       17%         1
 Poisonous Vapours        Pois/Air       10%        N/A       26%         2
 Manifold Assault         Tloc           16%        N/A       58%         5
 Olgreb's Toxic Radiance  Pois           5%         N/A       86%         4
 Summon Small Mammal      Summ           Unusable   N/A       N/A         1
 Call Canine Familiar     Summ           Unusable   N/A       N/A         3
 Summon Guardian Golem    Hex/Summ       Unusable   N/A       N/A         3

Dungeon Overview and Level Annotations

Branches:
Dungeon (4/15)             Temple (1/1) D:4

Altars:
Ashenzari
Dithmenos
Elyvilon
Fedhas
Gozag
Hepliaklqana
Kikubaaqudgha
Makhleb
Nemelex Xobeh
Okawaru
Qazlal
Ru
Sif Muna
Trog
Vehumet
Wu Jian
Yredelemnul
Zin

Shops:
D:4 (


Innate Abilities, Weirdness & Mutations

You have very sharp teeth.
Your uncanny sense of smell can sniff out nearby items.
Your experience applies equally to all skills.


Message History

The centaur skeleton closely misses you.
The centaur skeleton misses you.
The centaur skeleton completely misses you.
The centaur skeleton barely misses you.
The centaur skeleton hits you but does no damage.
The centaur skeleton kicks you but does no damage.
The orc wizard gestures wildly while chanting.
The orc wizard flickers and vanishes!
Deactivating autopickup; reactivate with Ctrl-A.
The orc priest invokes the aid of Beogh against you.
Beogh smites you!
The centaur skeleton hits you but does no damage.
The centaur skeleton misses you.
The centaur skeleton hits you but does no damage.
The centaur skeleton misses you.
There is a stone staircase leading up here.
You hit the centaur skeleton.
The centaur skeleton is lightly damaged.
The centaur skeleton hits you. The centaur skeleton kicks you.
The centaur skeleton misses you.
The centaur skeleton kicks you but does no damage.
You hit the centaur skeleton.
The centaur skeleton is moderately damaged.
The centaur skeleton barely misses you. The centaur skeleton misses you.
You hit the centaur skeleton.
The centaur skeleton is heavily damaged.
You hit the orc.
The orc is lightly wounded.
You hit the orc but do no damage.
The orc is lightly wounded.
The orc misses you.
You hit the orc.
The orc is moderately wounded.
The orc priest calls down the wrath of Beogh upon you.
Beogh smites you!
* * * LOW HITPOINT WARNING * * *
The orc barely misses you.
Unknown command.
The orc hits you with a +0 hand axe!
You die...

+..∩..'.# #.#
###.≈≈#.#### #.#
#.#.≈......# #.#
#.#'#....<.##### #.#
#................
#.........[.####### ##
#.[.........#.....##
..
...†.........[....>#.#
.....)......####@....#
..#####.#.#.# ##o####
.. #.#.#.# #Z# ..
#.#.#.# ###o#####.# ..
#.#.# #..o......# #.
... #.###.#########
#.. #.#.o.#
.#..##.#.#.###
.............#


You could see an orc priest, an orc wizard, an orc and a centaur skeleton.

Vanquished Creatures
  5 adders
  2 adder skeletons
  An orc (D:3)
  2 ball pythons
  3 endoplasms
  3 giant cockroaches (D:2)
  8 goblins
  4 hobgoblins
  3 quokkas
  4 bats
  5 frilled lizards
  3 kobolds
  5 rats
48 creatures vanquished.

Notes
Turn   | Place    | Note
-------+----------+-------------------------------------------
     0 | D:1      | Ablot the Gnoll Warper began the quest for the Orb.
     0 | D:1      | Reached XP level 1. HP: 20/20 MP: 6/6
   389 | D:1      | Reached XP level 2. HP: 26/26 MP: 7/7
   820 | D:1      | Found a faded altar of an unknown god.
  1101 | D:1      | Reached XP level 3. HP: 29/31 MP: 9/9
  1105 | D:2      | Reached skill level 5 in Spellcasting
  1318 | D:2      | Reached skill level 1 in Invocations
  1664 | D:2      | Reached skill level 1 in Short Blades
  1664 | D:2      | Reached skill level 1 in Long Blades
  1664 | D:2      | Reached skill level 1 in Axes
  1664 | D:2      | Reached skill level 1 in Maces & Flails
  1664 | D:2      | Reached skill level 1 in Staves
  1664 | D:2      | Reached skill level 1 in Slings
  1664 | D:2      | Reached skill level 1 in Bows
  1664 | D:2      | Reached skill level 1 in Crossbows
  1664 | D:2      | Reached skill level 1 in Stealth
  1664 | D:2      | Reached skill level 1 in Shields
  1664 | D:2      | Reached skill level 1 in Unarmed Combat
  1664 | D:2      | Reached skill level 1 in Evocations
  2110 | D:3      | Reached XP level 4. HP: 38/38 MP: 11/11
  2570 | D:4      | Found Vuaquoh's Antique Weapon Shop.
  2719 | D:4      | Reached skill level 1 in Conjurations
  2719 | D:4      | Reached skill level 1 in Hexes
  2719 | D:4      | Reached skill level 1 in Summonings
  2719 | D:4      | Reached skill level 1 in Necromancy
  2719 | D:4      | Reached skill level 1 in Transmutations
  2719 | D:4      | Reached skill level 1 in Fire Magic
  2719 | D:4      | Reached skill level 1 in Ice Magic
  2719 | D:4      | Reached skill level 1 in Air Magic
  2719 | D:4      | Reached skill level 1 in Earth Magic
  2719 | D:4      | Reached skill level 1 in Poison Magic
  2782 | D:4      | Found a staircase to the Ecumenical Temple.
  2797 | Temple   | Entered the Ecumenical Temple
  3171 | Temple   | Became a worshipper of Warmaster Okawaru
  3223 | D:4      | Slain by an orc

Illustrated notes

Levels and vault maps discovered:
D:1:      minmay_arrival_solitary_statue, layout_loops_ring,
          ebering_ecumenical_altar_rust, chequers_serial_rivers_room_b,
          minmay_heptomino_o4
D:2:      layout_loops_ring, minmay_worlds_worst_comb
D:3:      layout_basic
D:4:      layout_basic, minmay_temple_entry_glass, serial_shops,
          nicolae_shop_hallway_plus, nicolae_square_shop, nicolae_shop_stone,
          shop_fountains, gup_sewer_entry_bubbles, uniq_menkaure, uniq_robin
Temple:   dpeg_five_rooms_temple

Skill      XL: |  1  2  3  4 |
---------------+-------------+-----
Spellcasting   | 5 |  5.1
Invocations    | 1 |  1.3
Short Blades   | 1 |  1.2
Long Blades    | 1 |  1.2
Axes           | 1 |  1.2
Maces & Flails | 1 |  1.2
Staves         | 1 |  1.2
Slings         | 1 |  1.2
Bows           | 1 |  1.2
Crossbows      | 1 |  1.2
Stealth        | 1 |  1.2
Shields        | 1 |  1.2
Unarmed Combat | 1 |  1.2
Evocations     | 1 |  1.2
Conjurations   | 1 |  1.0
Hexes          | 1 |  1.0
Summonings     | 1 |  1.0
Necromancy     | 1 |  1.0
Transmutations | 1 |  1.0
Fire Magic     | 1 |  1.0
Ice Magic      | 1 |  1.0
Air Magic      | 1 |  1.0
Earth Magic    | 1 |  1.0
Poison Magic   | 1 |  1.0
Fighting       | |  4.7
Polearms       | |  4.7
Throwing       | |  2.8
Armour         | |  2.8
Dodging        | |  4.7
Translocations | |  5.5

Action                   |  1- 3 |  4- 6 || total
-------------------------+-------+-------++-------
Melee: Spear             |   137 |    64 ||   201
       Bite              |    12 |     4 ||    16
       Punch             |       |     1 ||     1
 Stab: Sleeping          |     3 |     3 ||     6
Armor: Leather armour    |    33 |     9 ||    42
Dodge: Dodged            |    58 |    47 ||   105
